 Dungeon Crawl Stone Soup version 0.31.0-9-g3a7656b989 (webtiles) character file.

Game seed: 2124913384626884940

95 GenosseHeretic the Shooter (level 4, -1/38 HPs)
             Began as a Minotaur Hunter on Feb 5, 2024.
             Slain by a scorpion (5 damage)
             ... on level 4 of the Dungeon.
             The game lasted 00:34:32 (2364 turns).

GenosseHeretic the Shooter (Minotaur Hunter)        Turns: 2364, Time: 00:34:34

Health: -1/38      AC: 10    Str: 15    XL:     4   Next: 40%
Magic:  3/3        EV:  4    Int:  6    God:
Gold:   196        SH:  0    Dex: 16    Spells: 3/3 levels left

rFire   . . .        a - +0 shortbow
rCold   . . .        (shield currently unavailable)
rNeg    . . .        y - +0 plate armour
rPois   .            (helmet restricted)
rElec   .            (no cloak)
rCorr   .            (no gloves)
SInv    .            (no boots)
Will    .....        K - amulet of the acrobat Stlth
                     (no ring)
HPRegen 0.26/turn    (no ring)
MPRegen 0.08/turn

%: acrobat
@: lethally poisoned (-1 -> -7)
A: horns 2, retaliatory headbutt
a: no special abilities


You were on level 4 of the Dungeon.
You visited 1 branch of the dungeon, and saw 4 of its levels.

You collected 196 gold pieces.

Inventory:

Hand Weapons
 a - a +0 shortbow (weapon)
 d - a +0 whip
 g - a +0 dagger
 i - a +0 dagger
 n - a +0 dagger
 s - a +0 short sword
 x - a +0 club
 A - a +0 club
 B - a +0 sling
 D - a +0 quarterstaff
 E - a +0 club
 H - a +0 sling
 L - a +0 club
 O - a +0 dagger
 Q - a +0 long sword
Missiles
 f - 47 stones
 k - 4 atropa-tipped darts (quivered)
 p - 2 curare-tipped darts
 q - 2 poisoned darts
 z - 4 large rocks
Armour
 c - a +0 leather armour
 m - a +0 leather armour
 t - a +0 robe
 v - a +0 leather armour
 y - a +0 plate armour (worn)
 C - a +0 leather armour
 I - a +0 robe
 P - a +0 ring mail
 R - a +0 leather armour
Jewellery
 K - an amulet of the acrobat (around neck)
 M - a +6 ring of dexterity
Scrolls
 b - a scroll of butterflies
 h - 3 scrolls of identify {unknown}
 j - 2 scrolls of teleportation {unknown}
 r - 2 scrolls of enchant armour {unknown}
 u - a scroll of blinking {unknown}
 w - a scroll of revelation {unknown}
 F - a scroll of poison {unknown}
 G - a scroll of acquirement {unknown}
Potions
 e - a potion of berserk rage {unknown}
 l - 3 potions of curing {unknown}
 o - a potion of resistance {unknown}
 J - a potion of lignification {unknown}
 N - a potion of brilliance {unknown}


   Skills:
 + Level 3.1 Fighting
 + Level 5.8 Ranged Weapons
 + Level 1.1 Armour
 + Level 2.5 Dodging
 + Level 0.8 Stealth


You had 3 spell levels left.
You didn't know any spells.
Your spell library contained the following spells:

 Spells                   Type           Power      Damage    Failure   Level
 Summon Ice Beast         Ice/Summ       0%         N/A       100%        3
 Summon Mana Viper        Hex/Summ       0%         N/A       100%        5
 Monstrous Menagerie      Summ           0%         N/A       100%        7


Dungeon Overview and Level Annotations

Branches:
Dungeon (4/15)
 Temple: D:4-7

Altars:


Innate Abilities, Weirdness & Mutations

You have a pair of horns on your head.
You reflexively headbutt those who attack you in melee.


Message History

You shoot an arrow. The arrow hits the scorpion.
The scorpion is heavily wounded.
You shoot an arrow. The arrow closely misses the scorpion.
The scorpion stings you but does no damage. x2
You shoot an arrow. The arrow hits the scorpion.
The scorpion is severely wounded.
The scorpion stings you but does no damage.
The scorpion stings you.
You shoot an arrow. The arrow closely misses the scorpion.
The scorpion stings you but does no damage.
The scorpion stings you.
You are poisoned.
The scorpion poisons you!
You shoot an arrow. The arrow hits the scorpion.
The scorpion is severely wounded.
You feel very sick.
The scorpion stings you but does no damage. x2
The scorpion stings you.
You are more poisoned.
The scorpion poisons you!
You shoot an arrow.
The arrow hits the scorpion but does no damage.
The scorpion is severely wounded.
You feel extremely sick.
The scorpion stings you but does no damage. x2
You are too injured to fight recklessly!
You are too injured to fight recklessly!
You shoot an arrow. The arrow hits the scorpion.
The scorpion is almost dead.
* * * LOW HITPOINT WARNING * * *
You feel very sick.
The scorpion stings you but does no damage.
The scorpion barely misses you.
You shoot an arrow. The arrow barely misses the scorpion.
* * * LOW HITPOINT WARNING * * *
You feel very sick. The scorpion stings you.
* * * LOW HITPOINT WARNING * * *
The scorpion stings you.
You die...

#. #..#
##.####..######
#.............#
.###.........<...#
.P...............#
.P.PP............#
PP♣♣♣P..####...###
♣♣♣P..########
♣....@.......
......s........
........>......
...............
#.####.##.##### #.
#. ## .. ..


You could see a scorpion.

Vanquished Creatures
  3 adders
  3 dart slugs
  A ribbon worm (D:2)
  An orc (D:2)
  7 bats
  4 endoplasms
  2 giant cockroaches (D:2)
  5 goblins
  5 hobgoblins
  6 jackals
  4 quokkas
  7 ball pythons
  3 frilled lizards
  2 kobolds
  2 rats
55 creatures vanquished.

Notes
Turn   | Place    | Note
-------+----------+-------------------------------------------
     0 | D:1      | GenosseHeretic the Minotaur Hunter began the quest for the
                  | Orb.
     0 | D:1      | Reached XP level 1. HP: 18/18 MP: 0/0
   150 | D:1      | Reached XP level 2. HP: 25/25 MP: 1/1
   269 | D:1      | Reached skill level 5 in Ranged Weapons
   876 | D:2      | Reached XP level 3. HP: 30/30 MP: 2/2
  1206 | D:2      | Reached skill level 1 in Armour
  1247 | D:2      | Reached XP level 4. HP: 38/38 MP: 3/3
  2354 | D:4      | Noticed a scorpion
  2364 | D:4      | Slain by a scorpion

Illustrated notes

Levels and vault maps discovered:
D:1:      tarquinn_simple_flora_water_e, layout_basic
D:2:      layout_rooms, chequers_arboretum
D:3:      layout_loops_ring, hex_large, nicolae_underground_beach
D:4:      layout_gridville, mainiacjoe_overflow_catwalk,
          gammafunk_temple_overflow_wave, serial_forest,
          infiniplex_forest_clump_tiny, infiniplex_forest_clump_medium,
          infiniplex_forest_clump_small, infiniplex_forest_end_2,
          infiniplex_forest_lined_4_way, infiniplex_forest_straight_2,
          infiniplex_forest_zigzag_2, infiniplex_forest_zigzag_2

Skill      XL: |  1  2  3 |
---------------+----------+-----
Ranged Weapons | 5 |  5.8
Fighting       | 3 |  3.1
Armour         | 1 |  1.1
Dodging        | |  2.5
Stealth        | |  0.8

Action                     |  1- 3 |  4- 6 || total
---------------------------+-------+-------++-------
   Fire: Shortbow          |   112 |    60 ||   172
 Armour: Leather armour    |    41 |       ||    41
         Plate armour      |       |    44 ||    44
  Dodge: Dodged            |    58 |    13 ||    71
